 Dungeon Crawl Stone Soup version 0.24-a0-537-g2d01d4a (webtiles) character file.

Game seed: 17501337953442701116

1157 NeededCrab the Cleaver (level 8, -7/71 HPs)
             Began as a Hill Orc Monk on Aug 12, 2019.
             Was a Believer of Beogh.
             Mangled by Duvessa
             ... wielding a +1 short sword of draining
              (10 damage)
             ... on level 5 of the Dungeon.
             The game lasted 00:25:25 (6439 turns).

NeededCrab the Cleaver (Hill Orc Monk)              Turns: 6439, Time: 00:25:26

Health: -7/71      AC:  7    Str: 16    XL:     8   Next: 39%
Magic:  1/8        EV:  9    Int: 10    God:    Beogh [**....]
Gold:   124        SH:  0    Dex: 13    Spells: 7/7 levels left

rFire    + . .     SeeInvis .   a - +1 hand axe
rCold    + . .     Gourm    .   (no shield)
rNeg     . . .     Faith    .   l - +1 scale mail
rPois    +         Spirit   .   (no helmet)
rElec    .         Reflect  .   k - scarf {rC+ rF+}
rCorr    .         Harm     .   (no gloves)
MR       .....                  (no boots)
Stlth    +.........             n - amulet of magic regeneration
HPRegen  0.21/turn              j - ring of poison resistance
MPRegen  0.36/turn              f - ring of Shadows {Umbra +Inv Stlth+}

@: wreathed by umbra, very heavily drained
A: no striking features
a: Smiting, Renounce Religion, Evoke Invisibility


You were on level 5 of the Dungeon.
You worshipped Beogh.
Beogh was pleased with you.
You were not hungry.

You visited 1 branch of the dungeon, and saw 5 of its levels.
You also visited: Sewer and Ossuary.

You collected 244 gold pieces.
You spent 120 gold pieces at shops.

Inventory:

Hand Weapons
 a - a +1 hand axe (weapon)
Missiles
 t - 5 boomerangs
 x - 3 javelins (quivered)
 D - a throwing net
Armour
 k - a scarf of resistance (worn)
 l - a +1 scale mail (worn)
Jewellery
 f - the ring of Shadows (right hand) {Umbra +Inv Stlth+}
   (You found it on level 5 of the Dungeon)

   [ring of stealth]

   It lets you turn invisible.
   It makes you more stealthy.
 j - a ring of poison resistance (left hand)
 n - an amulet of magic regeneration (around neck)
 r - an uncursed ring of resist corrosion
 E - an uncursed ring of see invisible
Scrolls
 h - a scroll of vulnerability
 o - a scroll of blinking
 w - a scroll of fog
 y - 3 scrolls of fear
 z - 2 scrolls of remove curse
 C - 2 scrolls of amnesia
Potions
 b - a potion of cancellation
 d - 4 potions of magic
 e - 2 potions of might
 g - 4 potions of brilliance
 i - a potion of mutation {unknown}
 m - 5 potions of curing
 p - 3 potions of lignification
 q - 2 potions of ambrosia
 s - 3 potions of haste
 v - 6 potions of heal wounds
 B - 2 potions of resistance
Comestibles
 c - 8 rations


   Skills:
 + Level 6.8(3.6) Fighting
 * Level 9.8(6.4) Axes
 + Level 5.0(2.0) Armour
 - Level 2.4(0.0) Dodging
 - Level 1.5(0.0) Stealth
 + Level 0.0 Invocations


You had 7 spell levels left.
You didn't know any spells.
Your spell library was empty.

Dungeon Overview and Level Annotations

Branches:
Dungeon (5/15)
 Temple: D:4-7

Altars:
Gozag

Shops:
D:5 !

Annotations:
D:5 Duvessa


Message History

Smite: Duvessa, wielding a +1 short sword of draining and wearing a +0 scale mail (severely wounded, berserk, fast, unusually strong, umbra)
You smite Duvessa!
Duvessa is almost dead.
Duvessa barely misses you.
Unknown command.
You barely miss Duvessa.
Duvessa is almost dead.
Duvessa hits you with a +1 short sword of draining.
* * * LOW HITPOINT WARNING * * *
You feel drained.
Duvessa hits you with a +1 short sword of draining.
* * * LOW HITPOINT WARNING * * *
You feel drained.
You closely miss Duvessa.
Duvessa is almost dead.
Duvessa misses you.
You hit Duvessa.
Duvessa is almost dead.
Duvessa hits you with a +1 short sword of draining!
You die...

..# #.. ...#....#
...#....# ##.......#
####......... #####
#............
#...#####............
#####.....##....@e....###
#..........#..###........
#..........#..###...#....
#.#######......#..#.# ..
#.)# #..[......### #.(#
#....#....#
...##..#.....#......
.............#......
......#.............


You could see Duvessa (berserk).

Vanquished Creatures
  An ogre (D:5)
  A big kobold (Sewer)
  Dowan (D:5)
  9 scorpions (Ossuary)
  A howler monkey (D:4)
  A hound (D:5)
  A human zombie (Ossuary)
  A jelly (D:5)
  2 orc wizards (D:4)
  2 worker ants
  A big kobold zombie (Ossuary)
  2 hound skeletons (D:4)
  A howler monkey skeleton (D:4)
  3 mummies (Ossuary)
  2 river rats (D:3)
  7 adders
  5 scorpion zombies (Ossuary)
  2 oozes (Sewer)
  8 worms
  3 dart slugs (D:1)
  3 leopard geckos
  5 orcs
  4 giant cockroaches
  11 goblins
  9 hobgoblins
  8 jackals
  12 kobolds
  3 quokkas
  5 ball pythons
  4 bats
  4 frilled lizards
  4 gnoll zombies (Ossuary)
  2 goblin zombies (Ossuary)
  3 hobgoblin zombies (Ossuary)
  A kobold zombie (Ossuary)
  An orc zombie (Ossuary)
  9 rats
142 creatures vanquished.

Vanquished Creatures (others)
  Blork the orc (D:5)
  An adder skeleton (D:5)
  An orc (D:5)
  2 jackals (D:5)
  A hobgoblin zombie (Ossuary)
  An orc zombie (Ossuary)
7 creatures vanquished.

Grand Total: 149 creatures vanquished

Notes
Turn   | Place    | Note
-------+----------+-------------------------------------------
     0 | D:1      | NeededCrab the Hill Orc Monk began the quest for the Orb.
     0 | D:1      | Reached XP level 1. HP: 19/19 MP: 1/1
   177 | D:1      | Reached XP level 2. HP: 25/27 MP: 2/2
   357 | D:1      | Reached skill level 1 in Armour
   479 | D:1      | Reached XP level 3. HP: 23/33 MP: 3/3
   719 | D:1      | Reached skill level 5 in Axes
  1316 | D:2      | Reached XP level 4. HP: 40/40 MP: 4/4
  1621 | D:2      | Found an opulent altar of Gozag.
  2475 | D:3      | Found a glowing drain.
  2479 | D:3      | Reached skill level 6 in Axes
  2479 | D:3      | Reached XP level 5. HP: 47/47 MP: 5/5
  2535 | Sewer    | Entered a sewer
  2961 | Sewer    | Noticed a big kobold
  2994 | Sewer    | Killed a big kobold
  2994 | Sewer    | Reached skill level 5 in Fighting
  2994 | Sewer    | Reached XP level 6. HP: 33/56 MP: 6/6
  3827 | D:4      | Reached skill level 7 in Axes
  4441 | D:5      | Entered Level 5 of the Dungeon
  4450 | D:5      | Reached XP level 7. HP: 55/61 MP: 7/7
  4460 | D:5      | Found Vironwee's Distillery.
  4483 | D:5      | Bought a potion of heal wounds for 75 gold pieces
  4483 | D:5      | Bought a potion of curing for 45 gold pieces
  4504 | D:5      | Became a worshipper of Beogh the Brigand
  4504 | D:5      | Reached * piety under Beogh
  4504 | D:5      | Reached ** piety under Beogh
  4529 | D:5      | Noticed Blork the orc
  4546 | D:5      | Killed Blork the orc
  4597 | D:5      | Reached skill level 8 in Axes
  4669 | D:5      | Found the ring of Shadows {Umbra +Inv Stlth+}
  4699 | D:5      | Found a sand-covered staircase.
  4708 | Ossuary  | Entered an ossuary
  5331 | Ossuary  | Reached skill level 9 in Axes
  5526 | Ossuary  | Reached XP level 8. HP: 66/71 MP: 8/8
  6253 | Ossuary  | Reached skill level 5 in Armour
  6348 | D:5      | Noticed Dowan
  6355 | D:5      | Noticed Duvessa
  6404 | D:5      | Killed Dowan
  6437 | D:5      | HP: 3/71 [Duvessa/+1 short sword of draining (4)]
  6439 | D:5      | Mangled by Duvessa

Levels and vault maps discovered:
D:1:      beargit_arrival_greenhouse, layout_loops_corners,
          grunt_decor_mini_mirrors
D:2:      layout_basic, grunt_gozag_statues, first_ration
D:3:      layout_basic, portal_sewer_entry_a
D:4:      layout_rooms
D:5:      layout_cave_pools, serial_shops, kennysheep_mini_moat,
          nicolae_ossuary_entry_monument, uniq_duvessa, uniq_blork_the_orc

Skill      XL: |  1  2  3  4  5  6  7  8 |
---------------+-------------------------+-----
Armour         | 1 2 3 4 5 |  5.0
Fighting       | 4 5 6 |  6.8
Axes           | 5 6 7 9 |  9.8
Dodging        | |  2.4
Stealth        | |  1.5

Action                   |  1- 3 |  4- 6 |  7- 9 || total
-------------------------+-------+-------+-------++-------
Melee: Hand axe          |   121 |   309 |   303 ||   733
Invok: Smiting           |       |       |     7 ||     7
       Convert to Beogh  |       |       |     1 ||     1
  Use: Scroll            |     4 |     5 |    13 ||    22
       Potion            |       |       |     1 ||     1
 Stab: Sleeping          |     4 |       |     3 ||     7
  Eat: Chunk             |     1 |    11 |     1 ||    13
       Ration            |       |       |     2 ||     2
Armor: Robe              |     6 |       |       ||     6
       Scale mail        |    36 |   105 |   100 ||   241
Dodge: Dodged            |    54 |   143 |   135 ||   332

Table legend:
 A = Non-vault XP
 B = Vault XP
 C = Vault XP percentage of total XP
 D = Non-vault monster count
 E = Vault monster count
 F = Vault count percentage of total count
                 A         B        C        D         E       F
            +---------+---------+-------+---------+---------+-------
      Total |     677 |     976 |  59.0 |      86 |      54 |  38.6
            +---------+---------+-------+---------+---------+-------
        D:1 |      50 |       0 |   0.0 |      24 |       0 |   0.0
        D:2 |      77 |       0 |   0.0 |      21 |       0 |   0.0
        D:3 |      36 |      41 |  53.2 |      14 |       8 |  36.4
        D:4 |     257 |       0 |   0.0 |      18 |       0 |   0.0
        D:5 |     257 |      67 |  20.7 |       9 |       1 |  10.0
      Sewer |       0 |     155 | 100.0 |       0 |      18 | 100.0
    Ossuary |       0 |     713 | 100.0 |       0 |      27 | 100.0
            +---------+---------+-------+---------+---------+-------
